 Dungeon Crawl Stone Soup version 0.31.0-12-g77e489cdc1 (webtiles) character file.

Game seed: 8642098876075572664

3119 Doomgape the Fighter (level 9, -4/60 HPs)
             Began as a Gargoyle Fighter on Feb 19, 2024.
             Was a Priest of Okawaru.
             Killed by divine providence
             ... invoked by an orc priest
              (12 damage)
             ... on level 7 of the Dungeon.
             The game lasted 00:16:21 (6501 turns).

Doomgape the Fighter (Gargoyle Fighter)             Turns: 6501, Time: 00:16:22

Health: -4/60      AC: 20    Str: 25    XL:     9   Next: 91%
Magic:  9/9        EV:  8    Int: 11    God:    Okawaru [***...]
Gold:   279        SH:  4    Dex:  9    Spells: 8/8 levels left

rFire   . . .        n - +3 flail (protect)
rCold   . . .        c - +0 buckler
rNeg    + . .        i - +0 chain mail
rPois   ∞            g - +1 helmet {Int+3}
rElec   +            (no cloak)
rCorr   .            (no gloves)
SInv    .            (no boots)
Will    .....        (no amulet) Stlth
                     (no ring)
HPRegen 0.30/turn    (no ring)
MPRegen 0.11/turn

%: no passive effects
@: studying Summonings
A: sickness immunity, AC +6, negative energy resistance 1, electricity
resistance, torment resistance 1, petrification resistance
a: Renounce Religion, Heroism


You were on level 7 of the Dungeon.
You worshipped Okawaru.
Okawaru was most pleased with you.
You visited 2 branches of the dungeon, and saw 8 of its levels.
You also visited: Sewer.

You collected 279 gold pieces.

Inventory:

Hand Weapons
 n - a +3 flail of protection (weapon)
Missiles
 p - a throwing net (quivered)
Armour
 c - a +0 buckler (worn)
 g - a +1 helmet of intelligence (worn)
 i - a +0 chain mail (worn)
Jewellery
 b - a ring of positive energy
 e - a +5 ring of evasion
Wands
 w - a wand of quicksilver (16)
Scrolls
 h - a scroll of fog
 j - a scroll of silence {unknown}
 o - a scroll of poison {unknown}
 q - a scroll of enchant armour {unknown}
 r - a scroll of revelation
 t - a scroll of identify
Potions
 a - a potion of heal wounds {unknown}
 d - a potion of might
 f - a potion of attraction
 k - 3 potions of haste
 l - a potion of invisibility {unknown}
 m - 2 potions of degeneration {unknown}
 s - a potion of ambrosia {unknown}
 u - a potion of enlightenment {unknown}
 v - a potion of curing


   Skills:
 + Level 9.3 Fighting
 + Level 8.0 Maces & Flails
 + Level 9.2 Armour
 - Level 3.2 Shields


You had 8 spell levels left.
You didn't know any spells.
Your spell library contained the following spells:

 Spells                   Type           Power      Damage    Failure   Level
 Blink                    Tloc           0%         N/A       95%         2
 Ensorcelled Hibernation  Hex/Ice        0%         N/A       95%         2
 Lesser Beckoning         Tloc           0%         N/A       95%         2
 Momentum Strike          Conj/Tloc      0%         3d8       95%         2
 Dazzling Flash           Conj/Hex       0%         N/A       99%         3
 Passwall                 Erth           0%         N/A       99%         3
 Swiftness                Air            0%         N/A       99%         3
 Volatile Blastmotes      Fire/Tloc      0%         2d10      99%         3
 Starburst                Conj/Fire      0%         6d3       100%        6
 Maxwell's Capacitive Co  Air            0%         ∞         100%        8


Dungeon Overview and Level Annotations

Branches:
Dungeon (7/15)             Temple (1/1) D:5           Sewer (visited)

Altars:
Ashenzari
Cheibriados
Dithmenos
Elyvilon
Fedhas
Gozag
Hepliaklqana
Kikubaaqudgha
Makhleb
Nemelex Xobeh
Okawaru
Ru
Sif Muna
Trog
Uskayaw
Vehumet
Wu Jian
Xom
Yredelemnul
Zin
The Shining One

Shops:
D:3 *


Innate Abilities, Weirdness & Mutations

You are immune to sickness and miasma.
Your stone body is resilient. (AC +6)
You are immune to poison.
You resist negative energy. (rN+)
You are resistant to electric shocks. (rElec)
You are resistant to unholy torment.
You are immune to petrification.


Message History

Press: ? - help, Shift-Dir - straight line, f - orc priest
Aim: an orc priest, wielding a +0 dagger (71% to hit)
The bolt of dispelling energy hits something!
Reactivating autopickup.
The sky beast's magical effects unravel!
The bolt of dispelling energy hits the orc warrior!
The orc warrior is moderately wounded.
The bolt of dispelling energy hits the orc priest!
The orc priest is severely wounded.
The bolt of dispelling energy misses the orc.
The sky beast hits you but does no damage.
Unknown command.
Unknown command.
Aiming: Quicksilver Bolt
Press: ? - help, Shift-Dir - straight line, p - orc priest The bolt of dispelling energy hits the sky beast!!
You kill the sky beast!
Okawaru accepts your kill.
The bolt of dispelling energy hits the orc warrior!
The orc warrior is severely wounded.
The bolt of dispelling energy hits something!
Okawaru accepts your kill.
You feel a bit more experienced.
The bolt of dispelling energy hits the orc priest!!
You kill the orc priest!
Okawaru accepts your kill.
The bolt of dispelling energy misses the orc.
The orc priest casts a cantrip, but nothing happens.
Your Maces & Flails skill increases to level 8!
Unknown command.
Aiming: Quicksilver Bolt
Press: ? - help, Shift-Dir - straight line The bolt of dispelling energy hits the orc warrior.
The orc warrior is almost dead.
The bolt of dispelling energy hits something!
The orc wizard's magical effects unravel!
The bolt of dispelling energy misses the orc.
The orc priest calls down the wrath of Beogh upon you.
Beogh smites you!
You die...

#.# #.# #### #.#
..# #.# #.# #.#
#.###.# .
#.....###### Y.
####..#.......# ..
#....###.####@# ..
#.##..#..# #o# .#
#.###...#####o##).#
#.# #.#......)o...#
#.# #...#####oo)..#
#.####..## #..#o.#
#.<....... ........
##.#......
##..##.oo.. #.#
###.. ...# ...o.


You could see an orc warrior, an orc priest, an orc wizard and 2 orcs.

Vanquished Creatures
  Pikel (D:5)
  Grinder (D:4)
  Sigmund (D:6)
  Edmund (D:6)
  A steam dragon (D:5)
  2 water moccasins
  An ice beast (D:6)
  A sky beast (D:7)
  2 ogres (D:5)
  A lemure (D:5)
  A phantom (D:5)
  6 kobold brigands (Sewer)
  Blork the orc (D:6)
  A brain worm (Sewer)
  5 wights (D:6)
  3 hounds
  A jelly (D:5)
  2 bombardier beetles
  2 orc priests
  Jessica (D:3)
  An iguana (D:4)
  Terence (D:2)
  6 orc wizards
  2 river rats
  4 adders
  2 shadow imps
  An ufetubus (D:5)
  2 dart slugs (D:1)
  4 ribbon worms
  19 orcs
  10 ball pythons
  10 endoplasms
  2 giant cockroaches
  4 goblins
  3 hobgoblins
  4 jackals (D:1)
  4 quokkas
  2 bats (D:1)
  8 kobolds
  7 rats
131 creatures vanquished.

Notes
Turn   | Place    | Note
-------+----------+-------------------------------------------
     0 | D:1      | Doomgape the Gargoyle Fighter began the quest for the Orb.
     0 | D:1      | Reached XP level 1. HP: 14/14 MP: 1/1
   101 | D:1      | Reached XP level 2. HP: 16/19 MP: 2/2
   686 | D:1      | Reached XP level 3. HP: 16/24 MP: 3/3
   956 | D:2      | Noticed Terence
   968 | D:2      | Killed Terence
   969 | D:2      | Reached XP level 4. HP: 25/29 MP: 4/4
  1130 | D:2      | Found a sacrificial altar of Ru.
  1247 | D:2      | You fall into a shaft and drop 2 floors!
  1655 | D:3      | Found a glowing drain.
  1659 | Sewer    | Entered a sewer
  1827 | Sewer    | Noticed a kobold brigand
  1827 | Sewer    | Noticed a kobold brigand
  1841 | Sewer    | Killed a kobold brigand
  1842 | Sewer    | Reached XP level 5. HP: 17/34 MP: 5/5
  1846 | Sewer    | Killed a kobold brigand
  1847 | Sewer    | Reached skill level 5 in Fighting
  1847 | Sewer    | Reached XP level 6. HP: 21/40 MP: 6/6
  1942 | Sewer    | Reached skill level 5 in Armour
  2784 | Sewer    | Reached XP level 7. HP: 13/45 MP: 7/7
  3224 | D:3      | Found Xumajoobb's General Store.
  3366 | D:3      | Noticed Jessica
  3386 | D:3      | Killed Jessica
  3445 | D:3      | Found a faded altar of an unknown god.
  3771 | D:4      | Noticed Grinder
  3804 | D:4      | Killed Grinder
  3805 | D:4      | Reached skill level 5 in Maces & Flails
  3837 | D:4      | Reached XP level 8. HP: 45/52 MP: 8/8
  4309 | D:5      | Entered Level 5 of the Dungeon
  4777 | D:5      | Found a white marble altar of Elyvilon.
  4809 | D:5      | Found a radiant altar of Vehumet.
  4941 | D:5      | Found a staircase to the Ecumenical Temple.
  4950 | Temple   | Entered the Ecumenical Temple
  5018 | Temple   | Became a worshipper of Warmaster Okawaru
  5361 | D:6      | Noticed Pikel
  5395 | D:5      | Killed Pikel
  5395 | D:5      | Reached * piety under Okawaru
  5395 | D:5      | Reached ** piety under Okawaru
  5396 | D:5      | Reached XP level 9. HP: 54/59 MP: 9/9
  5508 | D:6      | Found a basalt altar of Yredelemnul.
  5522 | D:6      | Noticed Blork the orc
  5568 | D:6      | Killed Blork the orc
  5818 | D:6      | Noticed Edmund
  5820 | D:6      | Noticed Sigmund
  5840 | D:6      | Killed Edmund
  5846 | D:6      | Killed Sigmund
  6485 | D:7      | Reached *** piety under Okawaru
  6501 | D:7      | Killed from afar by an orc priest

Illustrated notes

Levels and vault maps discovered:
D:1:      wander_arrival_desolate, layout_loops_corners
D:2:      layout_rooms, basic_altar, uniq_terence
D:3:      layout_loops_ring, gup_sewer_entry_spiral,
          chequers_ecumenical_altar_island, serial_shops,
          nicolae_shop_tiny_statue_garden, minmay_misc_feat_pillars,
          uniq_jessica
D:4:      layout_layer_cave, uniq_grinder
D:5:      layout_cave_pools, mainiacjoe_overflow_alcove_4, elyvilon_altar_1,
          minmay_temple_entry_antechambers, minmay_manual_monstrance
D:6:      layout_basic, lemuel_doored_altar, uniq_pikel, uniq_blork_the_orc,
          uniq_edmund, uniq_sigmund
D:7:      layout_loops_ring, nicolae_qazlal_general_emergency, serial_shops,
          nicolae_lakefront_shop
Temple:   dpeg_five_rooms_temple

Skill      XL: |  1  2  3  4  5  6  7  8  9 |
---------------+----------------------------+-----
Fighting       | 4 5 6 8 9 |  9.3
Armour         | 4 5 6 8 9 |  9.2
Maces & Flails | 3 4 5 7 8 |  8.0
Shields        | |  3.2

Action                     |  1- 3 |  4- 6 |  7- 9 || total
---------------------------+-------+-------+-------++-------
  Melee: Flail             |    80 |   196 |   340 ||   616
  Evoke: Wand              |       |       |     3 ||     3
    Use: Potion            |       |     5 |     2 ||     7
         Scroll            |       |     5 |     1 ||     6
 Armour: Scale mail        |    68 |       |       ||    68
         Chain mail        |       |   112 |   286 ||   398
  Dodge: Dodged            |    34 |    57 |   107 ||   198
  Block: Buckler           |    22 |    40 |    58 ||   120
